 Dungeon Crawl Stone Soup version 0.28-a0-1412-gf95308ed99 (webtiles) character file.

Game seed: 10248236975222734863

4070 croobank the Slinger (level 10, 0/105 HPs)
             Began as a Demonspawn Abyssal Knight on Jan 6, 2022.
             Was a Priest of Lugonu.
             Slain by a killer bee (2 damage)
             ... on level 8 of the Dungeon on Jan 7, 2022.
             The game lasted 00:43:28 (8110 turns).

croobank the Slinger (Demonspawn Abyssal Knight)    Turns: 8110, Time: 00:43:32

Health: 0/105      AC: 25    Str: 21    XL:     10   Next: 5%
Magic:  0/12       EV:  2    Int: 15    God:    Lugonu [***...]
Gold:   288        SH:  0    Dex: 13    Spells: 9/9 levels left

rFire   . . .      SeeInvis .   q - +1 dagger (chaos)
rCold   . . .      Faith    .   (no shield)
rNeg    . . .      Spirit   +   (armour currently unavailable)
rPois   +          Reflect  .   (helmet currently unavailable)
rElec   .          Harm     .   (cloak currently unavailable)
rCorr   .          Rampage  .   (gloves currently unavailable)
Will    .....      NoTele   +   (boots currently unavailable)
Stlth   +.........              (no amulet)
HPRegen 0.27/turn               y - +6 ring of strength
MPRegen 0.26/turn               (no ring)

@: lethally poisoned (0 -> -11), tree-form, attractive
A: stationary, stasis, torment immunity, boosted hp, repulsion field 2, ignite
blood 2, magic shield, magic regeneration, magic link
a: Renounce Religion, Depart the Abyss, Bend Space, Banish


You were on level 8 of the Dungeon.
You worshipped Lugonu.
Lugonu was most pleased with you.
You were a tree.
You visited 1 branch of the dungeon, and saw 8 of its levels.
You visited the Abyss 1 time.

You collected 288 gold pieces.

Inventory:

Hand Weapons
 a - a +1 hand axe
 b - the +12 hunting sling of Misery {venom, rC+}
   (You found it on level 4 of the Dungeon)

   Any ammunition fired from it poisons the flesh of those it strikes.
   rC:        It protects you from cold.
 d - a +2 dagger of draining
 f - a +1 dagger of protection
 g - a +0 war axe
 q - a +1 dagger of chaos (weapon)
 t - a +0 bardiche
 C - a +5 trident of flaming
Missiles
 h - 56 bolts
 i - 69 arrows
 j - 240 stones
 n - 22 poisoned darts
 z - 3 javelins
Armour
 e - a +0 ring mail
 o - a +0 cloak (melded)
 p - a +0 leather armour
 r - a +0 pair of gloves (melded)
 G - +0 steam dragon scales (melded)
Jewellery
 y - a +6 ring of strength (left branch)
Wands
 m - a wand of digging (6)
 u - a wand of iceblast (6)
 w - a wand of polymorph (6)
 D - a wand of flame (16)
 F - a wand of mindburst (12)
Scrolls
 s - a scroll of brand weapon {unknown}
 x - 2 scrolls of enchant armour {unknown}
 A - a scroll of vulnerability {unknown}
Potions
 c - a potion of ambrosia
 B - a potion of mutation


   Skills:
 - Level 3.6 Fighting
 - Level 2.5(3.9) Axes
 + Level 4.6(5.0) Polearms
 - Level 11.5 Slings
 - Level 2.5 Armour
 - Level 2.0 Dodging
 - Level 3.6 Invocations


You had 9 spell levels left.
You didn't know any spells.
Your spell library contained the following spells:

 Spells                   Type           Power      Damage    Failure   Level
 Passwall                 Tmut/Erth      0%         N/A       38%         2
 Gell's Gravitas          Tloc           0%         N/A       63%         3
 Lesser Beckoning         Tloc           0%         N/A       63%         3
 Swiftness                Air            0%         N/A       63%         3
 Teleport Other           Tloc           0%         N/A       63%         3
 Borgnjor's Revivificati  Necr           0%         N/A       100%        8
 Necromutation            Tmut/Necr      0%         N/A       100%        8
 Death's Door             Necr           0%         N/A       100%        9


Dungeon Overview and Level Annotations

Branches:
Dungeon (8/15)             Temple (0/1) D:6            Lair (0/6) D:8

Altars:
Fedhas
Hepliaklqana
Makhleb
Okawaru
Wu Jian
Xom
Yredelemnul
The Shining One

Annotations:
D:3 2 transporters, croobank's ghost, amateur DsAK
D:7 2 transporters


Innate Abilities, Weirdness & Mutations

You are a tree.
Your roots penetrate the ground, keeping you stationary.
You cannot be teleported.
You are immune to unholy pain and torment.
Your maximum health is greatly increased.
Your equipment is partially melded.
You are surrounded by a moderate repulsion field. (EV +3)
Your demonic aura often causes spilled blood to erupt in flames.
When hurt, damage is shared between your health and your magic reserves.
You regenerate magic rapidly.
When low on magic, you restore magic in place of health.


Message History

The killer bee stings you but does no damage. x3
The killer bee barely misses you.
The killer bee stings you but does no damage.
The killer bee stings you.
* * * LOW HITPOINT WARNING * * *
You hit the killer bee. You burn the killer bee.
The killer bee is heavily wounded.
You feel very sick. The killer bee stings you.
* * * LOW HITPOINT WARNING * * *
The killer bee stings you but does no damage.
The killer bee stings you.
* * * LOW HITPOINT WARNING * * *
The killer bee stings you.
* * * LOW HITPOINT WARNING * * *
The killer bee stings you but does no damage. x2
Space bends around you!
You blink.
* * * LOW HITPOINT WARNING * * *
You feel sick.
The killer bee is attracted toward you. x3
The water moccasin is attracted toward you.
You barely miss the killer bee.
The killer bee is heavily wounded.
* * * LOW HITPOINT WARNING * * *
You feel very sick. The killer bee stings you.
* * * LOW HITPOINT WARNING * * *
You are more poisoned.
The killer bee poisons you!
The killer bee stings you but does no damage. x2
The killer bee stings you.
* * * LOW HITPOINT WARNING * * *
The killer bee barely misses you.
The killer bee is attracted toward you. x2
Press: ? - help, Shift-Dir - straight line, f - killer bee
Aim: a killer bee (lightly wounded, chance to affect: 86%)
The killer bee is devoured by a tear in reality.
Lugonu claims a new guest.
* * * LOW HITPOINT WARNING * * *
You feel very sick. The killer bee stings you.
You die...

*,,,,,,,,,,,,,,,,,,
######**,,***,,,***
#....##**+*********
#.....#,,,,,,,,,,+,
#.....#,,,,,,,,,,*,
#.....#,,,,,,,,,,*,
#....##*###*,,,,***
#....####.#######,,
#.♣.............#,,
#yy§§...........#,,
#.Sy§...........#,,
#...............+,,
#...y..##########,,
#..§...#,,,,,,,,,,,
#...§§.#,,,,,,,,,,,
*#####§##,,,,,,,,,*+
#..y..)..>....,,,,+,


You could see a water moccasin and 3 killer bees.

Vanquished Creatures
  2 death yaks (D:8)
  Sigmund (D:3)
  2 wyverns
  A wraith (D:8)
  A yak (D:5)
  Menkaure (D:6)
  A steam dragon (D:7)
  2 water moccasins (D:5)
  A black bear (D:6)
  2 sky beasts
  3 ogres
  2 centaurs (D:7)
  2 necrophages
  A bullfrog (D:6)
  A kobold brigand (D:4)
  Blork the orc (D:5)
  A water moccasin skeleton (D:5)
  A howler monkey (D:7)
  A crimson imp (D:3)
  A hound (D:5)
  2 jellies
  A centaur skeleton (D:7)
  An orc priest (D:6)
  Ijyb (D:4)
  Jessica (D:3)
  4 iguanas
  3 orc wizards
  A howler monkey zombie (D:7)
  3 gnolls (D:4)
  7 adders
  A shadow imp (D:6)
  An ufetubus (D:5)
  2 worms
  A dart slug (D:2)
  4 orcs
  3 ball pythons
  8 bats
  7 endoplasms
  6 goblins
  11 hobgoblins
  5 jackals
  9 kobolds
  2 quokkas
  2 frilled lizards
  7 rats
121 creatures vanquished.

Vanquished Creatures (others)
  14 fungi (D:3)
14 creatures vanquished.

Grand Total: 135 creatures vanquished

Notes
Turn   | Place    | Note
-------+----------+-------------------------------------------
     0 | Abyss:1  | croobank the Demonspawn Abyssal Knight began the quest for
                  | the Orb.
     0 | Abyss:1  | Reached XP level 1. HP: 18/18 MP: 2/2
    54 | Abyss:1  | Noticed a wretched star
    54 | Abyss:1  | Noticed an ancient zyme
    61 | D:1      | Escaped the Abyss
   186 | D:1      | Reached skill level 1 in Dodging
   207 | D:1      | Gained mutation: You are surrounded by a mild repulsion
                  | field. (EV +2) [demonic ancestry]
   207 | D:1      | Reached XP level 2. HP: 8/24 MP: 4/4
   597 | D:1      | Reached * piety under Lugonu
   891 | D:1      | Found a faded altar of an unknown god.
  1472 | D:2      | Gained mutation: You regenerate magic rapidly. [demonic
                  | ancestry]
  1472 | D:2      | Reached XP level 3. HP: 27/27 MP: 5/5
  2745 | D:2      | Gained mutation: When hurt, damage is shared between your
                  | health and your magic reserves. [demonic ancestry]
  2745 | D:2      | Reached XP level 4. HP: 31/35 MP: 6/6
  2954 | D:3      | Noticed Jessica
  2955 | D:3      | Noticed Sigmund
  3155 | D:3      | Noticed croobank's ghost (amateur DsAK)
  3282 | D:3      | Found a transporter.
  3317 | D:3      | Found a transporter.
  4186 | D:4      | Noticed a kobold brigand
  4200 | D:4      | Identified the +12 hunting sling of Misery {venom, rC+}
  4242 | D:3      | Killed Jessica
  4243 | D:3      | Reached skill level 1 in Slings
  4243 | D:3      | Reached XP level 5. HP: 41/41 MP: 7/7
  4264 | D:3      | Found an ornate altar of the Wu Jian Council.
  4362 | D:3      | Killed Sigmund
  4363 | D:3      | Reached skill level 3 in Slings
  4363 | D:3      | Gained mutation: When low on magic, you restore magic in
                  | place of health. [demonic ancestry]
  4363 | D:3      | Reached XP level 6. HP: 44/47 MP: 8/8
  4485 | D:3      | Found a shimmering altar of Xom.
  4485 | D:3      | Found a burning altar of Makhleb.
  5128 | D:4      | Noticed Ijyb
  5133 | D:4      | Killed Ijyb
  5134 | D:4      | Reached skill level 4 in Slings
  5328 | D:4      | Reached ** piety under Lugonu
  5491 | D:5      | Entered Level 5 of the Dungeon
  5491 | D:5      | Noticed a yak
  5496 | D:5      | Killed a yak
  5497 | D:5      | Reached skill level 5 in Slings
  5497 | D:5      | Gained mutation: Your demonic aura sometimes causes spilled
                  | blood to erupt in flames. [demonic ancestry]
  5497 | D:5      | Reached XP level 7. HP: 52/52 MP: 9/9
  5548 | D:5      | Reached skill level 6 in Slings
  5602 | D:5      | Noticed Blork the orc
  5604 | D:5      | Killed Blork the orc
  5712 | D:5      | Reached skill level 7 in Slings
  5712 | D:5      | Gained mutation: Your demonic aura often causes spilled
                  | blood to erupt in flames. [demonic ancestry]
  5712 | D:5      | Reached XP level 8. HP: 59/59 MP: 10/10
  6065 | D:5      | Reached skill level 8 in Slings
  6426 | D:6      | Reached skill level 9 in Slings
  6575 | D:6      | Found a staircase to the Ecumenical Temple.
  6758 | D:6      | Noticed Menkaure
  6762 | D:6      | Killed Menkaure
  7250 | D:7      | Gained mutation: You are surrounded by a moderate repulsion
                  | field. (EV +3) [demonic ancestry]
  7250 | D:7      | Reached XP level 9. HP: 64/64 MP: 11/11
  7304 | D:7      | Reached skill level 10 in Slings
  7329 | D:7      | Found a hazy altar of Hepliaklqana.
  7463 | D:7      | Found a transporter.
  7465 | D:7      | Noticed an orc high priest
  7467 | D:7      | Noticed a kobold demonologist
  7540 | D:7      | Found a blossoming altar of Fedhas.
  7540 | D:7      | Found an iron altar of Okawaru.
  7634 | D:7      | Found a transporter.
  7650 | D:7      | Noticed a kobold demonologist
  7665 | D:7      | Reached *** piety under Lugonu
  7772 | D:7      | Found a basalt altar of Yredelemnul.
  7941 | D:8      | Reached skill level 11 in Slings
  7957 | D:8      | Noticed a death yak
  7963 | D:8      | Noticed a death yak
  7976 | D:8      | Noticed a death yak
  7980 | D:8      | Killed a death yak
  7992 | D:8      | Killed a death yak
  7993 | D:8      | Reached XP level 10. HP: 56/70 MP: 9/12
  8109 | D:8      | HP: 5/105 [killer bee (1)]
  8110 | D:8      | HP: 2/105 [poisoned by a killer bee]
  8110 | D:8      | Slain by a killer bee

Illustrated notes

Levels and vault maps discovered:
D:1:      dpeg_arrival_arbitrary_c, layout_basic,
          shapermc_ecumenical_altar_petra
D:2:      layout_basic
D:3:      layout_loops_ring, grunt_temple_overflow_champion_of_chaos,
          mainiacjoe_overflow_cross_hatched, gammafunk_ghost_arena,
          uniq_sigmund, uniq_jessica
D:4:      layout_loops_corners, minmay_misc_feat_rugged, uniq_ijyb
D:5:      layout_basic, mainiacjoe_overflow_brackets, minmay_fractal_squares_5,
          uniq_blork_the_orc
D:6:      layout_cave_pods, minmay_temple_entry_proselytizer, uniq_menkaure
D:7:      gammafunk_wand_slinger, layout_basic, kennysheep_mini_moat,
          mainiacjoe_overflow_small_starburst, gammafunk_temple_overflow_statue,
          feat_on_display
D:8:      layout_gridville, dpeg_lair_monsters

Skill      XL: |  1  2  3  4  5  6  7  8  9 |
---------------+----------------------------+-----
Dodging        | 1 2 |  2.0
Axes           | 2 |  2.5
Armour         | 2 |  2.5
Invocations    | 3 |  3.6
Slings         | 1 3 5 7 9 11 | 11.5
Polearms       | 4 |  4.6
Fighting       | |  3.6

Action                   |  1- 3 |  4- 6 |  7- 9 | 10-12 || total
-------------------------+-------+-------+-------+-------++-------
Melee: Hand axe          |   174 |    80 |       |       ||   254
       Punch             |     2 |     1 |       |       ||     3
       Bardiche          |       |       |     3 |     1 ||     4
       Dagger            |       |       |       |     9 ||     9
 Fire: Hunting sling     |       |    27 |   135 |       ||   162
Invok: Depart the Abyss  |     1 |       |       |       ||     1
       Bend Space        |       |       |       |     1 ||     1
       Banish            |       |       |       |     1 ||     1
  Use: Scroll            |     3 |     3 |     3 |       ||     9
       Potion            |       |     3 |       |     3 ||     6
 Stab: Sleeping          |       |     1 |       |       ||     1
Armor: Leather armour    |    37 |     9 |     3 |       ||    49
       Skin              |       |       |       |    13 ||    13
       Steam dragon scal |       |       |       |     5 ||     5
Dodge: Dodged            |   130 |    69 |    21 |    23 ||   243

Table legend: (Time is in decaauts)
 A = Elapsed time spent in this place.
 B = Non-inter-level travel time spent in this place.
 C = Inter-level travel time spent in this place.
 D = Time resting spent in this place.
 E = Time spent auto-exploring this place.
 F = Levels seen in this place.
 G = Mean time per level.
                   A        B        C        D        E       F      G
               +--------+--------+--------+--------+--------+-----+--------+
         Total |   8131 |   7923 |    208 |   1893 |   4371 |   9 |  903.4 |
       Dungeon |   8070 |   7862 |    208 |   1893 |   4330 |   8 | 1008.8 |
         Abyss |     61 |     61 |      0 |      0 |     41 |   1 |   61.0 |
               +--------+--------+--------+--------+--------+-----+--------+

Top non-repeatable levels by time:
     D:1: 1649 daAuts
     D:4: 1377 daAuts
     D:2: 1285 daAuts
     D:3: 1166 daAuts
     D:6: 907 daAuts
     D:5: 793 daAuts
     D:7: 716 daAuts
     D:8: 174 daAuts
 Abyss:1: 61 daAuts
